 Dungeon Crawl Stone Soup version 0.30.1-3-gfc49f6343a (webtiles) character file.

Game seed: 4637348761188550830

55 Atelerd the Digger (level 3, -4/21 HPs)
             Began as an Octopode Earth Elementalist on July 24, 2023.
             Killed from afar by Ijyb (11 damage)
             ... with a puff of flame
             ... on level 3 of the Dungeon.
             The game lasted 00:00:42 (1842 turns).

Atelerd the Digger (Octopode Earth Elementalist)    Turns: 1842, Time: 00:00:43

Health: -4/21      AC:  1    Str:  7    XL:     3   Next: 93%
Magic:  6/7        EV: 13    Int: 17    God:
Gold:   198        SH:  0    Dex: 14    Spells: 6/7 levels left

rFire   . . .        e - +0 dagger
rCold   . . .        (no shield)
rNeg    . . .        (helmet restricted)
rPois   .            (no amulet)
rElec   .            (no ring)
rCorr   .            (no ring)
SInv    .            (no ring)
Will    .....        (no ring)
Stlth   +++          (no ring)
HPRegen 0.23/turn    (no ring)
MPRegen 0.10/turn    (no ring)
                     (no ring)

%: no passive effects
@: no status effects
A: almost no armour, amphibious, 8 rings, camouflage 1, gelatinous body 1,
(nimble swimmer 1), tentacles
a: no special abilities


You were on level 3 of the Dungeon.
You visited 1 branch of the dungeon, and saw 3 of its levels.

You collected 198 gold pieces.

Inventory:

Hand Weapons
 e - a +0 dagger (weapon)
Scrolls
 b - 5 scrolls of identify {unknown}
 g - a scroll of enchant weapon {unknown}
 i - a scroll of teleportation {unknown}
 k - a scroll of poison {unknown}
 m - a scroll of brand weapon {unknown}
Potions
 a - a potion of magic
 c - a potion of brilliance {unknown}
 d - 2 potions of curing {unknown}
 f - a potion of might {unknown}
 h - a potion of haste {unknown}
 j - a potion of attraction {unknown}
 l - a potion of resistance {unknown}


   Skills:
 - Level 2.0 Dodging
 - Level 2.6 Stealth
 + Level 2.8 Spellcasting
 + Level 1.0 Transmutations
 + Level 4.0 Earth Magic


You had 6 spell levels left.
You knew the following spells:

 Your Spells              Type           Power      Damage    Failure   Level
a - Sandblast             Erth           32%        2d9       3%          1

Your spell library contained the following spells:

 Spells                   Type           Power      Damage    Failure   Level
 Passwall                 Tmut/Erth      9%         N/A       10%         2
 Slow                     Hex            8%         N/A       19%         1
 Stone Arrow              Conj/Erth      18%        3d8       22%         3
 Confusing Touch          Hex            2%         N/A       47%         3
 Vampiric Draining        Necr           2%         2d6       47%         3
 Petrify                  Tmut/Erth      11%        N/A       52%         4


Dungeon Overview and Level Annotations

Branches:
Dungeon (3/15)

Altars:

Annotations:
D:3 Ijyb


Innate Abilities, Weirdness & Mutations

You cannot wear most types of armour.
You are amphibious.
You can wear up to eight rings at the same time.
Your skin changes colour to match your surroundings (Stealth+).
Your rubbery body absorbs attacks. (AC +1, EV +1)
((You are camouflaged when in or above water. (Stealth+)))
You have tentacles for arms and can constrict up to eight enemies at once.


Message History

No target in view!
You can't see any susceptible monsters within range! (Use Z to cast anyway.) No target in view!
Done exploring.
No target in view!
Done exploring.
You can't see any susceptible monsters within range! (Use Z to cast anyway.)
(D) Dungeon
Where to? (Enter - D:2, ? - help)
What level of the Dungeon? (default 1, ? - help)
You see here a +0 dagger.
There is a stone staircase leading down here.
You climb downwards.
There is a stone staircase leading up here.
A kobold comes into view. It is wielding a +0 dagger.
A kobold is nearby!
A kobold is nearby!
A kobold is nearby!
You can't see any susceptible monsters within range! (Use Z to cast anyway.)
Found Ozocubu's Autobiography.
You can't see any susceptible monsters within range! (Use Z to cast anyway.)
You can't see any susceptible monsters within range! (Use Z to cast anyway.) Ijyb and a ball python come into view.
Ijyb is wielding a +0 club, wearing a +2 leather armour of poison resistance and carrying a wand of flame (14).
Ijyb shouts!
The blast of sand hits the ball python!
You kill the ball python!
Ijyb zaps a wand.
The puff of flame hits you!
Ouch! That really hurt!
You are too injured to fight recklessly!
You are too injured to fight recklessly!
You are too injured to fight recklessly!
You are too injured to fight recklessly!
You are too injured to fight recklessly!
You are too injured to fight recklessly!
You are too injured to fight recklessly!
The kobold shouts!
Ijyb zaps a wand.
The puff of flame hits you!
Ouch! That really hurt!
You die...

.. . ## #
†#. .##.#
..##.:...
#.#Kg..
#...#
####..#
#.....#
#..##.##
#. #@# #
#.## #..#
##.# #.#
.# #.## .#
#..####.##
##.......#
##......#


You could see Ijyb and a kobold.

Vanquished Creatures
  2 adders (D:2)
  2 endoplasms (D:1)
  4 giant cockroaches
  2 hobgoblins (D:1)
  4 jackals (D:2)
  2 quokkas (D:1)
  5 ball pythons
  A bat (D:2)
  A frilled lizard (D:2)
  4 goblins
  5 kobolds
  3 rats (D:1)
35 creatures vanquished.

Notes
Turn   | Place    | Note
-------+----------+-------------------------------------------
     0 | D:1      | Atelerd the Octopode Earth Elementalist began the quest for
                  | the Orb.
     0 | D:1      | Reached XP level 1. HP: 11/11 MP: 3/3
   335 | D:1      | Reached XP level 2. HP: 17/17 MP: 3/5
  1078 | D:2      | Reached XP level 3. HP: 21/21 MP: 4/6
  1614 | D:2      | Reached skill level 4 in Earth Magic
  1838 | D:3      | Noticed Ijyb
  1842 | D:3      | Killed from afar by Ijyb

Illustrated notes

Levels and vault maps discovered:
D:1:      dpeg_arrival_three_bigger_balls, layout_basic
D:2:      layout_loops_ring, minivault_24
D:3:      layout_rooms, uniq_grinder, uniq_ijyb

Skill      XL: |  1  2  3 |
---------------+----------+-----
Earth Magic    | 4 |  4.0
Dodging        | |  2.0
Stealth        | |  2.6
Spellcasting   | |  2.8
Transmutations | |  1.0

Action                     || total
---------------------------++-------
  Melee: Unarmed           ||     3
         Dagger            ||    15
         Constrict         ||     6
         Tentacles         ||     5
   Cast: Sandblast         ||    34
   Stab: Sleeping          ||     1
 Armour: Skin              ||     3
  Dodge: Dodged            ||    18
